 Dungeon Crawl Stone Soup version 0.28.0-53-g5a82cb258f (webtiles) character file.

Game seed: 9915971385947334870

63 Hydra2011 the Sneak (level 3, -3/16 HPs)
             Began as a Spriggan Enchanter on June 25, 2022.
             Was an Initiate of Dithmenos.
             Killed by nerve-wracking pain
             ... invoked by an orc priest
              (5 damage)
             ... on level 3 of the Dungeon.
             The game lasted 00:04:49 (3305 turns).

Hydra2011 the Sneak (Spriggan Enchanter)            Turns: 3305, Time: 00:04:49

Health: -3/16      AC:  2    Str:  4    XL:     3   Next: 87%
Magic:  8/8        EV: 17    Int: 16    God:    Dithmenos [......]
Gold:   62         SH:  0    Dex: 17    Spells: 7/7 levels left

rFire   . . .      SeeInvis +   n - +0 dagger (drain)
rCold   . . .      Faith    .   (no shield)
rNeg    . . .      Spirit   .   b - +0 robe
rPois   .          Reflect  .   (helmet restricted)
rElec   .          Harm     .   (no cloak)
rCorr   .          Rampage  .   (gloves unavailable)
Will    .....                   (boots unavailable)
Stlth   +++.......              (no amulet)
HPRegen 0.05/turn               (no ring)
MPRegen 0.11/turn               (no ring)

@: very quick
A: very small, no large weapons, unfitting armour, see invisible, speed 3
a: Renounce Religion


You were on level 3 of the Dungeon.
You worshipped Dithmenos.
Dithmenos was noncommittal.
You visited 1 branch of the dungeon, and saw 4 of its levels.

You collected 62 gold pieces.

Inventory:

Hand Weapons
 a - a +1 dagger
 n - a +0 dagger of draining (weapon)
Missiles
 j - 5 atropa-tipped darts (quivered)
Armour
 b - a +0 robe (worn)
Jewellery
 g - a ring of flight
 m - a ring of fire
Scrolls
 d - a scroll of amnesia {unknown}
 k - a scroll of blinking {unknown}
 l - a scroll of enchant weapon {unknown}
 p - a scroll of fear {unknown}
Potions
 c - a potion of berserk rage {unknown}
 f - a potion of mutation
 h - a potion of attraction {unknown}
 i - a potion of degeneration {unknown}
 o - 2 potions of curing


   Skills:
 - Level 0.1 Fighting
 + Level 3.1 Short Blades
 - Level 2.6 Dodging
 - Level 6.0 Stealth
 - Level 2.6 Spellcasting
 - Level 3.6 Hexes


You had 7 spell levels left.
You didn't know any spells.
Your spell library contained the following spells:

 Spells                   Type           Power      Damage    Failure   Level
 Confusing Touch          Hex            13%        N/A       13%         3
 Tukima's Dance           Hex            13%        N/A       13%         3
 Ensorcelled Hibernation  Hex/Ice        14%        N/A       14%         2
 Dazzling Flash           Conj/Hex       14%        N/A       28%         3
 Portal Projectile        Hex/Tloc       14%        N/A       28%         3
 Call Canine Familiar     Summ           2%         N/A       50%         3
 Ozocubu's Armour         Ice            2%         N/A       50%         3
 Leda's Liquefaction      Hex/Erth       3%         N/A       67%         4
 Metabolic Englaciation   Hex/Ice        3%         N/A       95%         5
 Simulacrum               Ice/Necr       1%         N/A       100%        6


Dungeon Overview and Level Annotations

Branches:
Dungeon (4/15)
 Temple: D:4-7

Altars:
Dithmenos


Innate Abilities, Weirdness & Mutations

You are very small and have problems with some larger weapons.
You are too small for most types of armour.
You have supernaturally acute eyesight. (SInv)
You cover ground extremely quickly. (Speed+++)


Message History

The ball python constricts you.
You hit the ball python. You drain the ball python.
You kill the ball python!
Dithmenos accepts your kill.
You barely miss the orc priest. The orc priest misses you.
You hit the orc priest but do no damage.
You drain the orc priest.
The orc priest is moderately wounded.
The orc priest barely misses you.
You hit the orc priest.
The orc priest is heavily wounded.
The orc priest barely misses you.
You closely miss the orc priest.
The orc priest is heavily wounded.
The orc priest calls down the wrath of Beogh upon you.
Beogh smites you!
Ouch! That really hurt!
* * * LOW HITPOINT WARNING * * *
You are too injured to fight recklessly!
You are too injured to fight recklessly!
You are too injured to fight recklessly!
You are too injured to fight recklessly!
You are too injured to fight recklessly!
You hit the orc priest. You drain the orc priest.
The orc priest is severely wounded.
You closely miss the orc priest.
The orc priest is severely wounded.
The orc priest closely misses you.
You hit the orc priest but do no damage.
The orc priest is severely wounded.
The orc priest barely misses you.
You hit the orc priest.
The orc priest is almost dead.
The orc priest hits you with a +0 mace.
* * * LOW HITPOINT WARNING * * *
You barely miss the orc priest.
The orc priest is almost dead.
The orc priest invokes the aid of Beogh against you.
Pain shoots through your body!
You die...

##### #.oSB.### #...###
###...# ###.# #.# #o#
####### #@# ##.....#####.#
#..........([#
#...........##
#####...........##########.#
............................
#####...........############
................(.......
.#######################


You could see an orc priest (drained).

Vanquished Creatures
  An orc priest (D:3)
  An orc (D:3)
  3 endoplasms (D:1)
  3 giant cockroaches
  3 goblins
  3 hobgoblins (D:1)
  A quokka (D:1)
  4 ball pythons
  4 bats
  4 kobolds
  2 rats (D:1)
29 creatures vanquished.

Vanquished Creatures (others)
  9 plants
  A withered plant (D:1)
10 creatures vanquished.

Grand Total: 39 creatures vanquished

Notes
Turn   | Place    | Note
-------+----------+-------------------------------------------
     0 | D:1      | Hydra2011 the Spriggan Enchanter began the quest for the
                  | Orb.
     0 | D:1      | Reached XP level 1. HP: 9/9 MP: 5/5
   180 | D:1      | Found a faded altar of an unknown god.
   206 | D:1      | Reached skill level 5 in Stealth
   369 | D:1      | Reached XP level 2. HP: 10/13 MP: 6/6
  1625 | D:1      | Reached skill level 6 in Stealth
  2155 | D:3      | Found a shadowy altar of Dithmenos.
  2172 | D:3      | Became a worshipper of Dithmenos the Shadowed
  2578 | D:3      | Reached XP level 3. HP: 1/16 MP: 8/8
  3305 | D:3      | Killed from afar by an orc priest

Illustrated notes

Levels and vault maps discovered:
D:1:      minmay_arrival_wavy_path, layout_basic,
          shapermc_ecumenical_altar_flowoftime
D:2:      layout_basic, minmay_misc_feat_square, uniq_robin
D:3:      cheibrodos_old_hovel, layout_basic, nzn_wu_jian_contemplation,
          nemelex_diamond_rough_becter, nicolae_hepliaklqana_ecumenical_no_more,
          nicolae_dithmenos_the_darkroom, grunt_ministairs_12
D:4:      layout_basic, serial_co_window_serial, co_window_corner_a,
          co_window_of_opportunity_a, co_window_of_opportunity_a,
          co_window_paths_b, co_window_paths_a, co_window_of_opportunity_c,
          co_window_paths_c, co_window_of_opportunity_b, co_window_4corner_b,
          co_window_paths_e, glass_columns_c, glass_columns_b, glass_columns_a,
          interstate_on_off, kennysheep_nub, kennysheep_generic_room_9

Skill      XL: |  1  2 |
---------------+-------+-----
Stealth        | 5 6 |  6.0
Short Blades   | 3 |  3.1
Fighting       | |  0.1
Dodging        | |  2.6
Spellcasting   | |  2.6
Hexes          | |  3.6

Action                   || total
-------------------------++-------
Melee: Dagger            ||   146
       Punch             ||     1
  Use: Potion            ||     1
       Scroll            ||     2
 Stab: Sleeping          ||    10
Armor: Robe              ||    19
Dodge: Dodged            ||    88
